 Dungeon Crawl Stone Soup version 0.19.0-9-gfd783f2 (webtiles) character file.

66 mopl the Grave Robber (level 3, 0/24 HPs)
             Began as a Mummy Necromancer on Nov 7, 2016.
             Slain by a hound (3 damage)
             ... on level 3 of the Dungeon.
             The game lasted 00:04:30 (1595 turns).

mopl the Grave Robber (Mummy Necromancer)           Turns: 1595, Time: 00:04:31

Health: 0/24       AC:  2    Str: 11    XL:     3   Next: 96%
Magic:  0/6        EV: 12    Int: 14    God:
Gold:   130        SH:  0    Dex: 13    Spells: 3 memorised, 1 level left

rFire  x . .     SeeInvis .     c - +0 spear
rCold  + . .     Gourm    .     a - +0 robe
rNeg   + + +     Faith    .     (no shield)
rPois  ∞         Spirit   .     (no helmet)
rElec  .         Reflect  .     (no cloak)
rCorr  .         Harm     .     (no gloves)
MR     .....                    (no boots)
Stlth  ++........               (no amulet)
                                (no ring)
                                (no ring)

@: no status effects
A: no food or potions, fire vulnerability, cold resistance 1, negative energy
resistance 3, torment resistance, unbreathing
a: no special abilities


You were on level 3 of the Dungeon.
You were not hungry.

You visited 1 branch of the dungeon, and saw 3 of its levels.

You collected 130 gold pieces.

Inventory:

Hand Weapons
 c - a +0 spear (weapon)
Armour
 a - a +0 robe (worn)
 f - a +2 shield
Wands
 k - a wand of teleportation (7/9)
Scrolls
 d - 3 scrolls of remove curse {unknown}
 e - a scroll of fog {unknown}
 g - 3 scrolls of identify {unknown}
 h - a scroll of enchant weapon {unknown}
 i - a scroll of teleportation {unknown}
 j - a scroll of amnesia {unknown}
Books
 b - a book of Necromancy

   Spells                             Type                      Level
   a - Pain                           Necromancy                   1
   b - Animate Skeleton               Necromancy                   1
   c - Vampiric Draining              Necromancy                   3
   d - Regeneration                   Charms/Necromancy            3
   e - Animate Dead                   Necromancy                   4
   f - Control Undead                 Necromancy                   4


   Skills:
 + Level 1.2 Polearms
 - Level 1.5 Dodging
 - Level 1.5 Stealth
 + Level 2.3 Spellcasting
 * Level 5.0 Necromancy


You had one spell level left.
You knew the following spells:

 Your Spells              Type           Power        Failure   Level  Hunger
a - Pain                  Necr           ###.         2%          1    N/A
b - Vampiric Draining     Necr           ###.......   10%         3    N/A
x - Animate Skeleton      Necr           N/A          2%          1    N/A

Dungeon Overview and Level Annotations

Branches:
Dungeon (3/15)

Altars:
Dithmenos


Innate Abilities, Weirdness & Mutations

You do not eat or drink.
Your flesh is vulnerable to fire.
You are immune to poison.
Your flesh is cold resistant. (rC+)
You are immune to negative energy. (rN+++)
You are immune to unholy pain and torment.
You can survive without breathing.


Message History

You don't have enough magic to cast that spell.
Unknown command.
Casting: Vampiric Draining
Confirm with . or Enter, or press ? or * to list all spells.
Aiming: Pain
Press: ? - help, Shift-Dir - straight line, f/p - hound
Aim: a hound (severely wounded, chance to defeat MR: 80%)
The hound writhes in agony!
The hound closely misses you.
Unknown command.
The hound barely misses you. The hound bites you.
* * * LOW HITPOINT WARNING * * *
The hound misses you.
Casting: Pain
Confirm with . or Enter, or press ? or * to list all spells.
Aiming: Pain
Press: ? - help, Shift-Dir - straight line, f/p - hound
Aim: a hound (severely wounded, chance to defeat MR: 80%)
The hound writhes in agony!
The hound closely misses you. The hound bites you.
You die...

####..S..... ###.
###..#.?S..... ##...
###..(.#........
###..##
.........$.####.#
#####...##
.######.#######..##
#..<..###
#.S....###...###.#..##
######..# #...†.....#
##.#####..#.###.###
#Sh@.#...#.# #...###
####.†.#.#.####.....
#.....##..... #.....
#.###.####.#. #.....
.. #.# #.#.##..... .
#.# #.#.<...... #.#
###...... #.. #...###
##. #..##


You could see a hound and an adder.

Vanquished Creatures
  Ijyb (D:2)
  An ooze (D:2)
  A dart slug (D:1)
  3 leopard geckos
  2 giant cockroaches
  A goblin (D:1)
  4 hobgoblins
  7 jackals (D:1)
  A kobold (D:1)
  A ball python (D:1)
  4 bats
  2 frilled lizards
  6 rats
34 creatures vanquished.

Vanquished Creatures (collateral kills)
  A frilled lizard (D:2)
  A kobold (D:1)
  A rat (D:2)
3 creatures vanquished.

Grand Total: 37 creatures vanquished

Notes
Turn   | Place    | Note
-------+----------+-------------------------------------------
     0 | D:1      | mopl the Mummy Necromancer began the quest for the Orb.
     0 | D:1      | Reached XP level 1. HP: 13/13 MP: 3/3
    55 | D:1      | Learned a level 1 spell: Animate Skeleton
   221 | D:1      | Reached XP level 2. HP: 8/19 MP: 3/5
   845 | D:2      | Reached XP level 3. HP: 24/24 MP: 3/6
   853 | D:2      | Learned a level 3 spell: Vampiric Draining
   893 | D:2      | Noticed Ijyb
  1372 | D:2      | Killed Ijyb
  1372 | D:2      | Reached skill level 1 in Polearms
  1505 | D:3      | Reached skill level 5 in Necromancy
  1519 | D:2      | Found a shadowy altar of Dithmenos.
  1595 | D:3      | Slain by a hound

Skill      XL: |  1  2  3 |
---------------+----------+-----
Polearms       | 1 |  1.2
Necromancy     | 5 |  5.0
Dodging        | |  1.5
Stealth        | |  1.5
Spellcasting   | |  2.3

Action                   || total
-------------------------++-------
Melee: Unarmed           ||    18
       Spear             ||    90
 Cast: Pain              ||    40
       Animate Skeleton  ||    14
       Vampiric Draining ||     1
 Stab: Sleeping          ||     4
Armor: Robe              ||    25
Dodge: Dodged            ||    76
